AoeStats
← Terárko

Glade

510312900Analyzed
1v1 RM · 24h ago on Sep 30, 2026· 51m 29s· 2 players
Game mode
Random Map
Map size
Tiny (2 player)
Population
200
Speed
Normal
Resources
Standard
Victory
Conquest
Starting age
Dark Age
Ending age
Imperial Age
RankedLock teamsTeams togetherTeam positionsShared explorationLock speedFull tech treeHidden civsTurbo modeCheats
Victory
Defeat
🇸🇰 Bohemians · Slovakia
885
+16
🇨🇳 Turks · China
886
-16
Terárko
7:27 Loom
10:51 Feudal Age
16:58 Wheelbarrow
21:59 Castle Age
20:58 Double-Bit Axe
21:33 Horse Collar
22:04 Fletching
22:14 Padded Archer Armor
22:51 Pikeman
25:23 Bodkin Arrow
25:44 Leather Archer Armor
28:00 Chemistry
27:29 Elite Skirmisher
27:40 Crossbowman
30:00 Hand Cart
30:29 Squires
31:39 Ballistics
31:38 Forging
31:28 Scale Mail Armor
33:30 Heavy Plow
34:01 Husbandry
37:58 Imperial Age
35:55 Town Watch
36:39 Town Patrol
38:20 Wagenburg Tactics
39:04 Bow Saw
39:19 Conscription
41:15 Hussite Reforms
43:32 Halberdier
45:01 Houfnice
46:14 Cavalier
47:57 Siege Engineers
48:05 Fervor
48:09 Redemption
48:29 Illumination
48:40 Theocracy
48:22 Scale Mail Armor
48:50 Bracer
49:26 Iron Casting
52:53 Blast Furnace
52:23 Ring Archer Armor
51:59 Scale Barding Armor
52:10 Chain Mail Armor
苏坊
12:44 Feudal Age
16:34 Castle Age
16:23 Double-Bit Axe
16:23 Horse Collar
17:18 Loom
34:55 Imperial Age
33:22 Scale Barding Armor
33:28 Forging
33:19 Murder Holes
35:14 Wheelbarrow
35:20 Ballistics
34:51 Guard Tower
35:45 Bow Saw
35:37 Heavy Plow
36:31 Gold Mining
38:22 Husbandry
38:32 Bloodlines
39:27 Hand Cart
39:49 Chain Barding Armor
40:05 Iron Casting
39:21 Fletching
41:01 Artillery
43:13 Conscription
43:59 Bombard Tower
49:03 Two-Man Saw
Connection lost

Rejoining the realm…

Still unreachable

The connection could not be restored.

Session expired

The server has moved on; the page needs a fresh start.